 Dungeon Crawl Stone Soup version 0.13.0-9-gbc74161 (webtiles) character file.

7029 Malachi the Slinger (level 10, 0/84 HPs)
             Began as a Deep Dwarf Hunter on Oct 17, 2013.
             Was a High Priest of Makhleb.
             Slain by a troll (11 damage)
             ... on Level 11 of the Dungeon.
             The game lasted 00:27:56 (8985 turns).

Malachi the Slinger (Deep Dwarf Hunter)             Turns: 8985, Time: 00:27:57

HP   0/84        AC  8     Str 16      XL: 10   Next: 69%
MP  14/14        EV  2     Int 13      God: Makhleb [*****.]
Gold 519         SH 30     Dex 15      Spells:  0 memorised,  9 levels left

Res.Fire  : . . .   See Invis. : .   H - +7,+8 spear "Khaid" {pierce, rN+}
Res.Cold  : . . .   Warding    : .   k - +0 orc chain mail (curse)
Life Prot.: + + .   Conserve   : .   S - +0 large shield
Res.Poison: .       Res.Corr.  : .   (no helmet)
Res.Elec. : .       Clarity    : +   (no cloak)
Sust.Abil.: + .     Spirit.Shd : .   (no gloves)
Res.Mut.  : .       Stasis     : .   (no boots)
Res.Rott. : .       Flight     : .   (no amulet)
Saprovore : . . .                    K - ring of sustain abilities
                                     m - ring of positive energy

@: non-regenerating, quite resistant to hostile enchantments, extremely
unstealthy
A: damage resistance, recharge devices, clarity, sense surroundings 2, slow
healing 3
a: Device Recharging, Minor Destruction, Lesser Servant of Makhleb, Major
Destruction, Greater Servant of Makhleb, Renounce Religion


You were on level 11 of the Dungeon.
You worshipped Makhleb.
Makhleb was extremely pleased with you.
You were hungry.

You visited 2 branches of the dungeon, and saw 12 of its levels.
You also visited: Sewer.

You collected 499 gold pieces.

Inventory:

Hand weapons
 a - a +0,+0 dwarven short sword
 b - a +1,+1 sling
 w - a +2 blowgun
 y - a +2,+2 dwarven crossbow of flame
 H - the +7,+8 spear "Khaid" (weapon) {pierce, rN+}
   (You found it on level 5 of the Dungeon)

   It inflicts extra damage upon your enemies.
   It protects you from negative energy.
 I - a +1,+0 morningstar of holy wrath
Missiles
 p - 45 stones (quivered)
 z - 29 poisoned needles
 C - 14 sling bullets of frost
 J - 6 curare-tipped needles
 L - 53 sling bullets
Armour
 k - a cursed +0 orcish chain mail (worn)
 S - a +0 large shield (worn)
Magical devices
 c - a wand of fire (0)
 d - a wand of confusion (0)
 e - a wand of heal wounds (1)
 u - a wand of fireball (2)
 A - a wand of lightning (4)
 F - a wand of flame (8)
 N - a wand of magic darts (15)
Comestibles
 f - 8 bread rations
 j - 3 pears
 x - a royal jelly
 B - 4 meat rations
 Y - 7 grapes
Scrolls
 h - 7 scrolls of identify
 i - 2 scrolls of remove curse {unknown}
 n - 5 scrolls of enchant weapon II
 q - 4 scrolls of fog
 R - a scroll of teleportation
 T - a scroll of blinking
 W - a scroll of enchant armour {unknown}
Jewellery
 g - an uncursed ring of teleport control
 m - a ring of positive energy (left hand)
 o - an uncursed ring of fire
 r - a cursed ring of teleportation {unknown}
 K - a ring of sustain abilities (right hand)
 P - an uncursed ring of wizardry
 V - a +2 ring of protection
 X - an uncursed ring of fire
Potions
 l - 3 potions of restore abilities
 s - a potion of invisibility
 t - a potion of brilliance
 v - 2 potions of might
 E - 5 potions of curing
 G - a potion of heal wounds
 Q - a potion of resistance
 U - a potion of speed
Books
 D - a book of Beasts

   Spells                             Type                      Level
   Summon Butterflies                 Summoning                    1
   Sticks to Snakes                   Transmutation                2
   Call Canine Familiar               Summoning                    3
   Ice Form                           Ice/Transmutation            4
   Summon Ice Beast                   Ice/Summoning                4
   Summon Hydra                       Summoning                    7
 M - the Catalogue of Supportive Fire
   (You found it on level 7 of the Dungeon)

   Spells                             Type                      Level
   Summon Butterflies                 Summoning                    1
   Summon Small Mammal                Summoning                    1
   Conjure Flame                      Conjuration/Fire             3
   Inner Flame                        Hexes/Fire                   3
   Fireball                           Conjuration/Fire             5
   Summon Hydra                       Summoning                    7


   Skills:
 + Level 3.8 Fighting
 * Level 9.1 Polearms
 - Level 10.0 Slings
 - Level 0.2 Armour
 - Level 6.4 Dodging
 - Level 1.2 Stealth
 * Level 6.6 Shields
 + Level 4.8 Evocations


You had 9 spell levels left.
You didn't know any spells.

Dungeon Overview and Level Annotations

Branches:
Dungeon (11/27)            Temple (1/1) D:4
    Orc: D:6-11        Lair: D:8-13

Altars:
Ashenzari
Cheibriados
Elyvilon
Fedhas
Kikubaaqudgha
Makhleb
Nemelex Xobeh
Okawaru
Sif Muna
Trog
Vehumet
Xom
Yredelemnul
Zin
the Shining One
Beogh

Shops:
D:6 +


Innate Abilities, Weirdness & Mutations

You are resistant to damage.
You can recharge devices by infusing magical energy.
You passively map the area around you.
You do not heal naturally.
You possess an exceptional clarity of mind.


Message History

* * * LOW HITPOINT WARNING * * *
The phantom blinks!
You block the troll's attack. The troll claws you but does no damage.
The troll claws you.
* * * LOW HITPOINT WARNING * * *
You puncture the troll!
The troll is lightly wounded.
The troll bites you!
* * * LOW HITPOINT WARNING * * *
You block the troll's attack. You block the phantom's attack.
The phantom blinks!
You closely miss the troll.
The troll is lightly wounded.
You block the troll's attack. The troll claws you.
The troll claws you but does no damage. You block the phantom's attack.
You hit the troll.
The troll is lightly wounded.
The troll bites you!
You die...

* , ........., *
#..!.....# *
#........#,, , ,,
##........#,,, ,,
#.........# , , ,
#ยง# *#..# , , #.#
#..######### #T#
#........... #@#
#........... #p#
#...........
#.#####...........
#.................
#.................
#.................
###...............
#...############
#####


You could see a troll and a phantom.

Vanquished Creatures
  The ghost of Malachi the Slinger, an experienced SpMo (D:8)
  Joseph (D:7)
  A troll (D:11)
  A polar bear (D:10)
  2 wolves (D:10)
  A hungry ghost (D:7)
  A manticore (D:10)
  A hippogriff (D:9)
  A sky beast (D:9)
  3 ice beasts
  7 ogres
  4 orc warriors
  2 phantoms
  A black bear (D:9)
  5 centaurs
  Sigmund (D:3)
  A big kobold (Sewer)
  2 water moccasins
  2 giant frogs
  An eye of draining (D:8)
  A yak zombie (D:11)
  A quasit (D:11)
  8 crimson imps
  7 orc priests
  A centaur skeleton (D:9)
  4 hounds
  5 jellies
  A big fish (Sewer)
  10 orc wizards
  3 iguanas
  4 scorpions
  A troll simulacrum (D:10)
  9 worker ants
  5 adders
  8 gnolls
  A hound simulacrum (D:10)
  2 white imps (D:10)
  2 giant mites
  An ufetubus (D:11)
  3 worms
  An adder zombie (D:7)
  2 grey rats (Sewer)
  A giant eyeball (D:6)
  7 giant geckos
  60 orcs
  10 bats
  6 giant cockroaches
  10 goblins
  9 hobgoblins
  13 kobolds
  2 quokkas
  4 training dummies (D:4)
  2 ball pythons
  4 giant newts
  A giant spore (D:9)
  7 jackals
  An orc skeleton (D:6)
  23 rats
  2 ballistomycetes (D:9)
281 creatures vanquished.

Notes
Turn   | Place    | Note
--------------------------------------------------------------
     0 | D:1      | Malachi, the Deep Dwarf Hunter, began the quest for the Orb.
     0 | D:1      | Reached XP level 1. HP: 19/19 MP: 0/0
   153 | D:1      | Reached XP level 2. HP: 26/26 MP: 1/1
   242 | D:1      | Reached skill level 5 in Slings
   838 | D:2      | Found a shattered altar of Ashenzari.
  1059 | D:2      | Reached XP level 3. HP: 29/32 MP: 2/2
  1561 | D:3      | Noticed Sigmund
  1568 | D:3      | Killed Sigmund
  1568 | D:3      | Reached skill level 6 in Slings
  1568 | D:3      | Reached XP level 4. HP: 35/39 MP: 3/3
  1725 | D:3      | Reached XP level 5. HP: 36/45 MP: 4/4
  2050 | D:3      | Found a sparkling altar of Nemelex Xobeh.
  2097 | D:3      | Reached skill level 7 in Slings
  2118 | D:3      | Noticed a phantom
  2134 | D:3      | Killed a phantom
  2155 | D:3      | Gained mutation: Your mind is acute. (Int +2) [potion of mutation]
  2155 | D:3      | Gained mutation: You possess an exceptional clarity of mind. [potion of mutation]
  2155 | D:3      | Lost mutation: Your mind is acute. (Int +2) [potion of mutation]
  2222 | D:4      | Found a staircase to the Ecumenical Temple.
  2235 | D:4      | Reached XP level 6. HP: 48/52 MP: 5/5
  2265 | D:4      | Reached skill level 8 in Slings
  2552 | D:4      | Found an iron altar of Okawaru.
  3068 | Temple   | Entered the Ecumenical Temple
  3237 | Temple   | Became a worshipper of Makhleb the Destroyer
  3526 | D:5      | Entered Level 5 of the Dungeon
  3559 | D:5      | Reached skill level 9 in Slings
  3559 | D:5      | Reached XP level 7. HP: 20/58 MP: 6/6
  4063 | D:5      | Got a twisted spear
  4064 | D:5      | Identified the spear "Khaid" {pierce, rN+} (You found it on level 5 of the Dungeon)
  4197 | D:5      | Acquired Makhleb's first power
  4197 | D:5      | Reached skill level 10 in Slings
  4218 | D:5      | Reached skill level 1 in Polearms
  4531 | D:5      | Reached skill level 1 in Fighting
  4531 | D:5      | Reached skill level 1 in Evocations
  4531 | D:5      | Reached XP level 8. HP: 26/67 MP: 6/8
  5019 | D:5      | Found a roughly hewn altar of Beogh.
  5220 | D:6      | Acquired Makhleb's second power
  5225 | D:6      | Reached skill level 5 in Dodging
  5283 | D:6      | Found a glowing drain.
  5289 | Sewer    | Entered a sewer
  5385 | Sewer    | Found a white marble altar of Elyvilon.
  5657 | D:6      | Found a blossoming altar of Fedhas.
  5836 | D:6      | Paralysed by a giant eyeball for 2 turns
  5930 | D:6      | Found Gifop's Book Shop.
  6331 | D:7      | Reached skill level 5 in Polearms
  6331 | D:7      | Gained mutation: You passively map the area around you. [level up]
  6331 | D:7      | Reached XP level 9. HP: 72/74 MP: 12/12
  6335 | D:7      | Noticed Joseph
  6356 | D:7      | Killed Joseph
  6358 | D:7      | Acquired Makhleb's third power
  6591 | D:7      | Found a radiant altar of Vehumet.
  6952 | D:7      | Identified the Catalogue of Supportive Fire
  7161 | D:8      | Reached skill level 1 in Shields
  7174 | D:8      | Noticed Malachi's ghost (experienced SpMo)
  7200 | D:8      | Killed Malachi's ghost
  7379 | D:8      | Found a shimmering altar of Xom.
  7389 | D:8      | Found a bloodstained altar of Trog.
  7575 | D:9      | Acquired Makhleb's fourth power
  7575 | D:9      | Reached XP level 10. HP: 76/82 MP: 16/16
  8468 | D:10     | Entered Level 10 of the Dungeon
  8569 | D:10     | Reached skill level 5 in Shields
  8576 | D:10     | HP: 2/84 [troll simulacrum (7)]
  8625 | D:10     | Acquired Makhleb's fifth power
  8656 | D:10     | Noticed a hill giant
  8985 | D:11     | Slain by a troll

Action                   |  1- 3 |  4- 6 |  7- 9 | 10-12 || total
-------------------------+-------+-------+-------+-------++-------
Melee: Spear             |       |       |   374 |   302 ||   676
 Fire: Sling             |    68 |   128 |    65 |       ||   261
       Blowgun           |       |       |     2 |       ||     2
Throw: Stone             |       |       |     1 |       ||     1
 Abil: Device Recharging |       |       |     1 |     2 ||     3
Evoke: Wand              |       |       |    20 |     4 ||    24
  Use: Potion            |       |     3 |     2 |       ||     5
       Scroll            |       |       |    28 |       ||    28
 Stab: Distracted        |       |       |     1 |       ||     1
